 Dungeon Crawl Stone Soup version 0.18-a0-1718-g40ea4b6 (webtiles) character file.

586 HeOfManyNames the Insei (level 7, 0/56 HPs)
             Began as a Mummy Monk on Apr 8, 2016.
             Slain by an orc wizard
             ... wielding a +0 dagger
              (2 damage)
             ... on level 4 of the Dungeon.
             The game lasted 00:11:44 (9477 turns).

HeOfManyNames the Insei (Mummy Monk)                Turns: 9477, Time: 00:11:44

Health: 0/56       AC:  1    Str: 15    XL:     7   Next: 15%
Magic:  7/7        EV: 15    Int:  9    God:
Gold:   99         SH:  0    Dex: 16    Spells: 0 memorised, 6 levels left

rFire  x . .     SeeInvis .       - Unarmed
rCold  + . .     Gourm    .     (no armour)
rNeg   + + +     Faith    .     (no shield)
rPois  ∞         Spirit   .     f - +0 helmet
rElec  .         Dismiss  .     (no cloak)
rCorr  .         Reflect  .     (no gloves)
SustAt .         Harm     .     (no boots)
MR     .....                    (no amulet)
Stlth  ++........               (no ring)
                                j - ring of wizardry

@: not resistant to hostile enchantments, unstealthy
A: no food or potions, fire vulnerability, cold resistance 1, negative energy
resistance 3, torment resistance, unbreathing
a: no special abilities


You were on level 4 of the Dungeon.
You were not hungry.

You visited 2 branches of the dungeon, and saw 5 of its levels.

You collected 99 gold pieces.


Innate Abilities, Weirdness & Mutations

You do not eat or drink.
Your flesh is vulnerable to fire.
You are immune to poison.
Your flesh is cold resistant.
You are immune to negative energy.
You are immune to unholy pain and torment.
You can survive without breathing.


   Skills:
 - Level 5.0 Fighting
 + Level 4.6 Dodging
 - Level 1.5 Stealth
 - Level 5.0 Unarmed Combat


You had 6 spell levels left.
You didn't know any spells.

Inventory:

Armour
 f - a +0 helmet (worn)
Magical Staves
 i - an uncursed staff of summoning {unknown}
Jewellery
 j - a ring of wizardry (left hand)
Wands
 g - a wand of digging (16/24)
Scrolls
 a - a scroll of fear {unknown}
 b - a scroll of enchant armour {unknown}
 c - 2 scrolls of identify {unknown}
 d - 2 scrolls of teleportation {@r4}
 e - 2 scrolls of recharging {unknown}
 h - 2 scrolls of immolation {unknown}
 k - 2 scrolls of remove curse {unknown}

Dungeon Overview and Level Annotations

Branches:
Dungeon (4/15)             Temple (1/1) D:4

Altars:
Cheibriados
Kikubaaqudgha
Xom
The Shining One

Annotations:
D:2 Grinder
D:3 Ogre
D:4 exclusion: orc wizard
Temple !Sigmund, Sigmund

▒.▒▒.▒ ▒.▒
▒@▒.▒▒..▒ ▒.▒
▒. ▒.▒▒.▒ ▒s▒
▒.▒▒▒▒▒'▒▒▒▒.▒
▒. ▒....▒▒▒▒.▒
▒s▒▒.......▒.▒
▒. ........▒.▒
▒.▒▒.......▒o▒
▒. ▒....▒▒.▒.▒
▒.▒▒...>...'.▒
▒. .....▒▒.▒.▒
▒.▒▒......o▒▒▒
▒. .....▒▒.▒.▒
▒.▒▒.......▒ ▒.
..▒▒▒▒▒.▒.▒
▒..▒▒▒▒'▒▒▒▒ ▒.
..▒ ▒.▒.▒
▒...M{oo▒ ▒.
..▒
▒.▒.▒▒▒.▒▒▒▒▒▒▒
▒. .>▒
▒.▒...▒.▒ ▒.
▒▒▒ ▒.▒▒▒.▒.▒
▒. ▒▒▒▒▒▒▒.▒
▒s▒.▒ ▒.
........▒ ▒.▒.▒
▒. ▒▒▒▒▒▒▒▒▒
▒s▒.▒ ▒.
▒▒▒▒▒▒▒▒▒▒.▒.▒
▒▒▒.
▒..........▒.▒
▒...


You could see an orc wizard and an orc.


Message History

The orc wizard gestures wildly while chanting!
The orc wizard seems to speed up!
The orc hits you with a dagger!
The orc wizard casts a spell!
The orc wizard flickers and vanishes!!!
There is an open door here!
A magic dart appears from out of thin air!!!
The magic dart hits you!!!
There is an open door here!
You close the door!
Something unseen opens the door!
The orc wizard mumbles some strange words!
The orc wizard seems to speed up!
A magic dart appears from out of thin air!!!
The magic dart hits you!!! Something hits you! x2
You closely miss something! Something hits you! * * * don't die
* * * You closely miss something!
You hear some strange, mumbled words!
A puff of flame appears from out of thin air!!!
The puff of flame hits you!!!
The fire burns you terribly!!! * * * don't die
* * * Something hits you but does no damage!
You pulverise something!
Something hits you! * * * don't die
* * * You pulverise something!
Something barely misses you!
You pulverise something but do no damage!
Something hits you! * * * don't die
* * * Something hits you! rip

Action                   |  1- 3 |  4- 6 |  7- 9 || total
-------------------------+-------+-------+-------++-------
Melee: Unarmed           |   116 |   405 |    31 ||   552
  Use: Scroll            |       |     1 |       ||     1
 Stab: Sleeping          |     3 |     3 |       ||     6

Vault maps used:
D:1:      dpeg_arrival_water_fire
D:2:      kennysheep_goblin_castle, tso_oasis_becter
D:3:      first_bread, tso_altar, uniq_grinder
D:4:      temple_green, uniq_sigmund
Temple:   eino_temple_water_12

Notes
Turn   | Place    | Note
--------------------------------------------------------------
     0 | D:1      | HeOfManyNames the Mummy Monk began the quest for the Orb.
     0 | D:1      | Reached XP level 1. HP: 18/18 MP: 1/1
   101 | D:1      | HP: 1/18 [kobold (4)]
   522 | D:1      | Reached XP level 2. HP: 16/24 MP: 2/2
   674 | D:1      | HP: 1/24 [worm (5)]
   947 | D:1      | Reached skill level 4 in Unarmed Combat
  1277 | D:1      | Reached XP level 3. HP: 29/29 MP: 3/3
  2134 | D:2      | Reached XP level 4. HP: 16/35 MP: 4/4
  2506 | D:2      | Noticed Robin
  2529 | D:2      | Killed Robin
  2552 | D:2      | Reached skill level 5 in Unarmed Combat
  3149 | D:2      | Found a glowing golden altar of the Shining One.
  3184 | D:2      | HP: 1/35 [worm (11)]
  3721 | D:3      | Reached XP level 5. HP: 36/41 MP: 5/5
  3767 | D:3      | Noticed Grinder
  4284 | D:3      | Reached skill level 4 in Fighting
  5186 | D:3      | Found a glowing golden altar of the Shining One.
  5586 | D:4      | Reached skill level 5 in Fighting
  5660 | D:4      | Reached XP level 6. HP: 18/51 MP: 6/6
  6092 | D:3      | Reached skill level 3 in Dodging
  6912 | D:4      | Noticed Sigmund
  6953 | D:4      | I accept death
  7676 | D:2      | HP: 3/51 [adder (5)]
  7698 | D:1      | HP: 4/51 [giant newt (2)]
  7703 | D:1      | HP: 2/51 [giant newt (2)]
  8020 | D:3      | Reached skill level 4 in Dodging
  8020 | D:3      | Reached XP level 7. HP: 32/56 MP: 7/7
  9184 | D:4      | Found a staircase to the Ecumenical Temple.
  9252 | Temple   | Entered the Ecumenical Temple
  9477 | D:4      | HP: 2/56 [something (6)]
  9477 | D:4      | Slain by an orc wizard

Vanquished Creatures
  A phantom (D:3)
  A scorpion (Temple)
  2 hounds
  An orc priest (D:3)
  A giant frog skeleton (D:4)
  A worker ant (D:3)
  Robin (D:2)
  4 gnolls (D:4)
  12 adders
  4 worms
  5 dart slugs
  3 giant geckos
  10 orcs
  9 bats
  5 giant cockroaches
  22 goblins
  6 hobgoblins
  5 jackals
  2 quokkas (D:2)
  3 ball pythons
  8 giant newts
  6 kobolds
  A quokka skeleton (D:4)
  6 rats
119 creatures vanquished.
